 Dungeon Crawl Stone Soup version 0.31-a0-177-g4aa6249778 (webtiles) character file.

Game seed: 675160301406436535

613 qw the Shield-Bearer (level 7, -3/36 HPs)
             Began as a Gargoyle Fighter on June 18, 2023.
             Killed by divine providence
             ... invoked by an orc priest
              (10 damage)
             ... on level 4 of the Dungeon.
             The game lasted 00:01:56 (3625 turns).

qw the Shield-Bearer (Gargoyle Fighter)             Turns: 3625, Time: 00:01:56

Health: -3/36      AC: 20    Str: 19    XL:     7   Next: 44%
Magic:  7/7        EV:  8    Int:  9    God:
Gold:   175        SH: 13    Dex:  9    Spells: 6/6 levels left

rFire   . . .        Y - +2 war axe
rCold   . . .        o - +0 tower shield
rNeg    + . .        c - +3 plate armour
rPois   inf          (no helmet)
rElec   +            (no cloak)
rCorr   .            (no gloves)
SInv    .            j - +0 pair of boots
Will    .....        g - amulet of faith Stlth
                     a - +5 ring of evasion
HPRegen 0.26/turn    (no ring)
MPRegen 0.10/turn

%: faith
@: about to teleport
A: sickness immunity, AC +4, negative energy resistance 1, electricity
resistance, torment resistance 1, petrification resistance, frail 1, weak 1
a: no special abilities


You were on level 4 of the Dungeon.
You visited 1 branch of the dungeon, and saw 4 of its levels.

You collected 175 gold pieces.


Innate Abilities, Weirdness & Mutations

You are immune to sickness and miasma.
Your stone body is resilient. (AC +4)
You are immune to poison.
You resist negative energy. (rN+)
You are resistant to electric shocks. (rElec)
You are resistant to unholy torment.
You are immune to petrification.
You are frail. (-10% HP)
You are weak. (Str -2)


   Skills:
 - Level 3.2 Fighting
 - Level 4.1 Axes
 - Level 1.0 Throwing
 - Level 3.2 Armour
 + Level 7.8 Shields


You had 6 spell levels left.
You didn't know any spells.
Your spell library was empty.

Inventory:

Hand Weapons
 m - a +0 flail
 Y - a +2 war axe (weapon)
Missiles
 n - a javelin (quivered)
 s - 7 boomerangs
Armour
 c - a +3 plate armour (worn)
 j - a +0 pair of boots (worn)
 o - a +0 tower shield (worn)
Jewellery
 a - a +5 ring of evasion (left hand)
 g - an amulet of faith (around neck)
 i - a +6 ring of strength
Scrolls
 b - a scroll of brand weapon {unknown}
 e - a scroll of identify
Potions
 d - 2 potions of might
 f - a potion of degeneration {unknown}
 h - a potion of invisibility {unknown}
 l - a potion of brilliance {unknown}
 p - a potion of curing {unknown}
 q - a potion of berserk rage {unknown}
 r - 3 potions of magic {unknown}
 t - a potion of lignification {unknown}

Dungeon Overview and Level Annotations

Branches:
Dungeon (4/15)
 Temple: D:4-7

Altars:
Cheibriados
Dithmenos
Kikubaaqudgha
Sif Muna
Vehumet

Annotations:
D:4 1 runed translucent door, Crazy Yiuf


Message History

You block something's attack.
You hear a shout!
You barely miss something.
You hear a shout!
You block something's attack.
The orc priest looks encouraged for a moment.
You hear some strange, mumbled words.
A magic dart appears from out of thin air!
The magic dart hits you but does no damage.
You closely miss something. You block something's attack.
The orc priest mumbles some strange prayers to Beogh against you.
Beogh smites you! Something hits you but does no damage.
You closely miss something. Something hits you but does no damage.
You barely miss something. Something hits you but does no damage.
You block something's attack.
You hit something. Something hits you but does no damage.
You miss something. Something hits you but does no damage.
Something completely misses you.
You closely miss something.
You hear some strange, mumbled words.
A magic dart appears from out of thin air!
The magic dart hits you!
You hit something.
Reactivating autopickup.
You feel a bit more experienced.
The orc priest invokes the aid of Beogh against you.
Beogh smites you!
3624 ||| READING scroll of teleportation.
As you read the scroll of teleportation, it crumbles to dust.
You feel strangely unstable. You block the orc priest's attack.
A hobgoblin comes into view.
You slash the orc priest!
The orc priest is severely wounded.
The orc priest calls down the wrath of Beogh upon you.
Beogh smites you!
You die...

#......##########...%?........
#[.....# +...).....#'##
#......# #<......#.#.#
#......# #.......#.#.#
###...## #.......#.#.# #...#
###+#.....#.# #...###
#.......#.#
##....#g#########...#...#'##
#....#().o@........#.##....
#....############..........
#.........>..........#.....
###'#############.#..#.....
#.# #........#..... #.#
######.#####.##.#+#. #.#
#...............# .
###'####......#####.#..# #+
#.............# #.#..# ..


You could see an orc priest and a hobgoblin.

Vanquished Creatures
  A phantom (D:4)
  Blork the orc (D:4)
  A scorpion (D:4)
  A jelly (D:4)
  Natasha (twice) (D:4)
  4 orc wizards
  7 gnolls (D:3)
  3 adders
  2 worms
  4 dart slugs
  6 orcs
  6 bats
  9 endoplasms
  6 giant cockroaches
  9 goblins
  12 hobgoblins
  7 jackals
  7 kobolds
  A quokka (D:1)
  8 ball pythons
  3 frilled lizards (D:2)
  5 rats
105 creatures vanquished.

Vanquished Creatures (others)
  An orc wizard (D:4)
1 creature vanquished.

Grand Total: 106 creatures vanquished

Notes
Turn   | Place    | Note
-------+----------+-------------------------------------------
     0 | D:1      | qw the Gargoyle Fighter began the quest for the Orb.
     0 | D:1      | Reached XP level 1. HP: 14/14 MP: 1/1
     0 | D:1      | 0 ||| qw: Version: 0.3-a-7-ge0c9b40
     0 | D:1      | 0 ||| qw: Game counter: 729
     0 | D:1      | 0 ||| qw: Always use a shield: true
     0 | D:1      | 0 ||| qw: God list: Okawaru
     0 | D:1      | 0 ||| qw: Allow faded altars: false
     0 | D:1      | 0 ||| qw: Do Orc after D:15 true
     0 | D:1      | 0 ||| qw: Do second Lair branch before Depths: true
     0 | D:1      | 0 ||| qw: Lair rune preference: random
     0 | D:1      | 0 ||| qw: Plans: Normal, Zot:1-4, Slime:5, God:TSO, Crypt,
                  | Tomb, Abyss, Pan, Hells, Win
     0 | D:1      | 0 ||| PLANNING D:1-11
     4 | D:1      | 4 ||| Stepping ~*~*~tactically~*~*~ (stealth).
     6 | D:1      | 6 ||| Stepping ~*~*~tactically~*~*~ (stealth).
    52 | D:1      | 52 ||| Stepping ~*~*~tactically~*~*~ (stealth).
    55 | D:1      | Reached XP level 2. HP: 19/19 MP: 2/2
   184 | D:1      | Reached skill level 3 in Axes
   210 | D:1      | Reached XP level 3. HP: 23/23 MP: 3/3
   705 | D:1      | 705 ||| UPGRADING to +0 pair of boots.
   710 | D:1      | 710 ||| READING scroll labelled ATRONY GUYD.
   711 | D:1      | 711 ||| READING scroll labelled DYIHERU TOJAM.
   712 | D:1      | 712 ||| READING scroll labelled GODAES BENIFF.
   742 | D:2      | 742 ||| Stepping ~*~*~tactically~*~*~ (stealth).
   744 | D:2      | 744 ||| Stepping ~*~*~tactically~*~*~ (stealth).
   800 | D:2      | 800 ||| Stepping ~*~*~tactically~*~*~ (hiding).
   801 | D:2      | 801 ||| Stepping ~*~*~tactically~*~*~ (hiding).
   803 | D:2      | 803 ||| Stepping ~*~*~tactically~*~*~ (hiding).
   848 | D:2      | Found a shadowy altar of Dithmenos.
   877 | D:2      | Reached skill level 1 in Throwing
  1017 | D:2      | 1017 ||| Stepping ~*~*~tactically~*~*~ (stealth).
  1018 | D:2      | 1018 ||| Stepping ~*~*~tactically~*~*~ (stealth).
  1021 | D:2      | Reached XP level 4. HP: 28/28 MP: 4/4
  1024 | D:2      | 1024 ||| Stepping ~*~*~tactically~*~*~ (stealth).
  1030 | D:2      | 1030 ||| FLEEEEING.
  1045 | D:2      | 1045 ||| Stepping ~*~*~tactically~*~*~ (hiding).
  1171 | D:2      | 1171 ||| Stepping ~*~*~tactically~*~*~ (stealth).
  1172 | D:2      | 1172 ||| Stepping ~*~*~tactically~*~*~ (stealth).
  1345 | D:2      | 1345 ||| UPGRADING to +0 tower shield.
  1355 | D:2      | 1355 ||| DROPPING +0 buckler.
  1356 | D:2      | 1356 ||| UPGRADING to +5 ring of evasion.
  1357 | D:2      | 1357 ||| READING scroll labelled TUEGUIH YPNIU.
  1358 | D:2      | 1358 ||| READING 3 scrolls labelled TEFFAS WUAPIYH.
  1363 | D:2      | 1363 ||| READING scroll labelled OSAMIQ FODD.
  1364 | D:2      | 1364 ||| DRINKING 2 red potions.
  1364 | D:2      | Gained mutation: Your body sometimes deteriorates upon
                  | taking damage. [potion of mutation]
  1364 | D:2      | Gained mutation: You are frail. (-10% HP) [potion of
                  | mutation]
  1364 | D:2      | Gained mutation: You have supernaturally acute eyesight.
                  | (SInv) [potion of mutation]
  1364 | D:2      | Gained mutation: Your mind is acute. (Int +4, Str/Dex -1)
                  | [potion of mutation]
  1365 | D:2      | 1365 ||| DRINKING potion of mutation.
  1365 | D:2      | Lost mutation: Your mind is acute. (Int +4, Str/Dex -1)
                  | [potion of mutation]
  1365 | D:2      | Lost mutation: Your body sometimes deteriorates upon taking
                  | damage. [potion of mutation]
  1365 | D:2      | Lost mutation: You have supernaturally acute eyesight.
                  | (SInv) [potion of mutation]
  1365 | D:2      | Gained mutation: You are weak. (Str -2) [potion of
                  | mutation]
  1577 | D:3      | Reached skill level 4 in Shields
  1577 | D:3      | Reached XP level 5. HP: 28/28 MP: 5/5
  1584 | D:3      | 1584 ||| DROPPING +0 whip.
  1595 | D:3      | 1595 ||| Stepping ~*~*~tactically~*~*~ (hiding).
  1596 | D:3      | 1596 ||| Stepping ~*~*~tactically~*~*~ (hiding).
  1597 | D:3      | 1597 ||| Stepping ~*~*~tactically~*~*~ (hiding).
  1598 | D:3      | 1598 ||| Stepping ~*~*~tactically~*~*~ (hiding).
  1916 | D:3      | 1916 ||| Stepping ~*~*~tactically~*~*~ (stealth).
  1918 | D:3      | 1918 ||| Stepping ~*~*~tactically~*~*~ (stealth).
  1955 | D:3      | 1955 ||| Stepping ~*~*~tactically~*~*~ (stealth).
  1959 | D:3      | 1959 ||| Stepping ~*~*~tactically~*~*~ (stealth).
  1961 | D:3      | 1961 ||| Stepping ~*~*~tactically~*~*~ (hiding).
  2043 | D:3      | HP: 7/28 [orc/+0 whip (1)]
  2044 | D:3      | 2044 ||| READING 2 scrolls of teleportation.
  2163 | D:3      | 2163 ||| Stepping ~*~*~tactically~*~*~ (hiding).
  2164 | D:3      | 2164 ||| Stepping ~*~*~tactically~*~*~ (hiding).
  2167 | D:3      | 2167 ||| Stepping ~*~*~tactically~*~*~ (hiding).
  2176 | D:3      | Reached skill level 5 in Shields
  2391 | D:3      | Found a snail-covered altar of Cheibriados.
  2392 | D:3      | 2392 ||| UPGRADING to +3 plate armour.
  2402 | D:3      | 2402 ||| DROPPING +0 scale mail.
  2403 | D:3      | 2403 ||| UPGRADING to amulet of faith.
  2408 | D:3      | 2408 ||| READING 2 scrolls labelled NEEMUI KOWK.
  2409 | D:3      | 2409 ||| DROPPING scroll of amnesia.
  2419 | D:3      | 2419 ||| Stepping ~*~*~tactically~*~*~ (water).
  2454 | D:3      | 2454 ||| READING scroll of enchant weapon.
  2454 | D:3      | 2454 ||| ENCHANTING +1 war axe.
  2572 | D:3      | Found a shimmering blue altar of Sif Muna.
  2588 | D:3      | Found an ancient bone altar of Kikubaaqudgha.
  2602 | D:3      | Reached XP level 6. HP: 30/33 MP: 6/6
  2616 | D:3      | Found a radiant altar of Vehumet.
  2822 | D:4      | 2822 ||| Stepping ~*~*~tactically~*~*~ (stealth).
  2862 | D:4      | Reached skill level 6 in Shields
  2888 | D:4      | 2888 ||| Stepping ~*~*~tactically~*~*~ (hiding).
  2891 | D:4      | 2891 ||| Stepping ~*~*~tactically~*~*~ (hiding).
  3011 | D:4      | Reached skill level 7 in Shields
  3011 | D:4      | Reached XP level 7. HP: 36/36 MP: 7/7
  3052 | D:4      | Noticed Natasha
  3061 | D:4      | Killed Natasha
  3114 | D:4      | 3114 ||| DROPPING +0 heavy mace.
  3199 | D:4      | 3199 ||| Stepping ~*~*~tactically~*~*~ (stealth).
  3201 | D:4      | 3201 ||| Stepping ~*~*~tactically~*~*~ (hiding).
  3203 | D:4      | 3203 ||| Stepping ~*~*~tactically~*~*~ (hiding).
  3340 | D:4      | Noticed Natasha
  3345 | D:4      | Killed Natasha
  3355 | D:4      | Noticed Blork the orc
  3365 | D:4      | Killed Blork the orc
  3548 | D:4      | Found a runed translucent door.
  3549 | D:4      | Noticed Crazy Yiuf
  3623 | D:4      | HP: 6/36 [orc priest/divine providence (12)]
  3624 | D:4      | 3624 ||| READING scroll of teleportation.
  3625 | D:4      | Killed from afar by an orc priest

Levels and vault maps discovered:
D:1:      minmay_arrival_radiant_lines, layout_loops_ring, serial_glass,
          glass_columns_a, glass_columns_a, minmay_tripent
D:2:      layout_basic, basic_altar, minmay_nonomino_d4
D:3:      layout_basic, palyth_temple_overflow_mages, cheibrodos_worm_habitat
D:4:      layout_basic, uniq_natasha, uniq_blork_the_orc,
          uniq_crazy_yiuf_cottage

Skill      XL: |  1  2  3  4  5  6  7 |
---------------+----------------------+-----
Axes           | 2 3 4 |  4.1
Throwing       | 1 |  1.0
Shields        | 4 5 7 |  7.8
Fighting       | |  3.2
Armour         | |  3.2

Action                     |  1- 3 |  4- 6 |  7- 9 || total
---------------------------+-------+-------+-------++-------
  Melee: War axe           |    85 |   167 |    37 ||   289
  Throw: Javelin           |    17 |    33 |     5 ||    55
    Use: Scroll            |     3 |     6 |     1 ||    10
         Potion            |       |     2 |       ||     2
 Armour: Scale mail        |    51 |    27 |       ||    78
         Plate armour      |       |    81 |    24 ||   105
  Dodge: Dodged            |    34 |    40 |     6 ||    80
  Block: Buckler           |    14 |     3 |       ||    17
         Tower shield      |       |    93 |    22 ||   115

Table legend:
 A = Non-vault XP
 B = Vault XP
 C = Vault XP percentage of total XP
 D = Non-vault monster count
 E = Vault monster count
 F = Vault count percentage of total count
                 A         B        C        D         E       F
            +---------+---------+-------+---------+---------+-------
      Total |     618 |     258 |  29.5 |      93 |      13 |  12.3
            +---------+---------+-------+---------+---------+-------
        D:1 |      50 |       4 |   7.4 |      27 |       2 |   6.9
        D:2 |      51 |      10 |  16.4 |      22 |       5 |  18.5
        D:3 |     150 |     109 |  42.1 |      21 |       4 |  16.0
        D:4 |     367 |     135 |  26.9 |      23 |       2 |   8.0
            +---------+---------+-------+---------+---------+-------
